 Dungeon Crawl Stone Soup version 0.26.1-11-gd32895ea62 (webtiles) character file.

Game seed: 8497780197468167342

69 tardwrangler69 the Poker (level 4, 0/35 HPs)
             Began as a Merfolk Gladiator on Apr 27, 2021.
             Slain by a goblin
             ... wielding a +0 club
             ... led by Robin
              (6 damage)
             ... on level 2 of the Dungeon.
             The game lasted 00:01:30 (1720 turns).

tardwrangler69 the Poker (Merfolk Gladiator)        Turns: 1720, Time: 00:01:30

Health: 0/35       AC:  6    Str: 15    XL:     4   Next: 20%
Magic:  4/4        EV: 14    Int:  7    God:
Gold:   94         SH:  0    Dex: 15    Spells: 3/3 levels left

rFire    . . .     SeeInvis .   a - +1 trident
rCold    + . .     Faith    .   (no shield)
rNeg     . . .     Spirit   .   e - +2 leather armour {rC+}
rPois    .         Reflect  .   c - +0 helmet
rElec    .         Harm     .   (no cloak)
rCorr    .         Rampage  .   (no gloves)
Will     .....                  (no boots)
Stlth    +.........             (no amulet)
HPRegen  0.11/turn              (no ring)
MPRegen  0.09/turn              (no ring)

@: lethally poisoned (0 -> -2)
A: change form in water, swift swim, stealthy swim
a: no special abilities


You were on level 2 of the Dungeon.
You visited 1 branch of the dungeon, and saw 2 of its levels.

You collected 94 gold pieces.

Inventory:

Hand Weapons
 a - a +1 trident (weapon)
Missiles
 d - 3 throwing nets (quivered)
Armour
 c - a +0 helmet (worn)
 e - a +2 leather armour of cold resistance (worn)
Scrolls
 h - 2 scrolls of enchant weapon
 i - 3 scrolls of identify {unknown}
 j - a scroll of remove curse
Potions
 b - a potion of resistance {unknown}
 f - a potion of haste {unknown}
 g - 2 potions of heal wounds {unknown}
 k - a potion of flight {unknown}


   Skills:
 + Level 3.2 Fighting
 * Level 6.4 Polearms
 - Level 2.0 Throwing
 - Level 4.0 Dodging


You had 3 spell levels left.
You didn't know any spells.
Your spell library was empty.

Dungeon Overview and Level Annotations

Branches:
Dungeon (2/15)

Altars:

Annotations:
D:2 1 runed translucent door, Crazy Yiuf


Message History

You are too injured to fight recklessly!
Your leather armour prevents you from hitting the goblin.
The hobgoblin closely misses you. The goblin misses you. The adder bites you.
The goblin barely misses you. The rat barely misses you.
You closely miss the goblin. The adder misses you. The hobgoblin hits you.
The goblin hits you with a +0 club. The goblin barely misses you.
The rat bites you.
* * * LOW HITPOINT WARNING * * *
You closely miss the goblin. The adder bites you.
* * * LOW HITPOINT WARNING * * *
You are poisoned.
The adder poisons you!
The hobgoblin hits you but does no damage.
The goblin completely misses you. The goblin hits you but does no damage.
The rat closely misses you. The adder closely misses you.
Your leather armour prevents you from hitting the goblin.
You feel sick. The hobgoblin hits you.
* * * LOW HITPOINT WARNING * * *
The adder closely misses you. The goblin hits you with a +0 club.
You die...

###### ##....
#.... #...#
#...# ##
#g.S#...#.
#>@rl.....
#####g#g###...
#...#.#...
#...#.#####
#..)'.###
#...#...#
#...#...# #
#...+...# #
#...##'########
#


You could see an adder, a leopard gecko, a hobgoblin (strong), 2 goblins and a
rat.

Vanquished Creatures
  Robin (D:2)
  An adder (D:2)
  A worm (D:2)
  2 dart slugs
  3 bats
  9 hobgoblins
  2 quokkas (D:2)
  A ball python (D:2)
  5 frilled lizards
  9 goblins
  A kobold (D:1)
  7 rats
42 creatures vanquished.

Vanquished Creatures (others)
  2 fungi (D:2)
2 creatures vanquished.

Grand Total: 44 creatures vanquished

Notes
Turn   | Place    | Note
-------+----------+-------------------------------------------
     0 | D:1      | tardwrangler69 the Merfolk Gladiator began the quest for
                  | the Orb.
     0 | D:1      | Reached XP level 1. HP: 16/16 MP: 1/1
   370 | D:1      | Reached XP level 2. HP: 20/23 MP: 2/2
   434 | D:1      | Reached skill level 5 in Polearms
   694 | D:2      | Reached XP level 3. HP: 26/28 MP: 3/3
   993 | D:2      | Reached skill level 6 in Polearms
  1012 | D:2      | Noticed Robin
  1636 | D:2      | Found a runed translucent door.
  1637 | D:2      | Noticed Crazy Yiuf
  1675 | D:2      | Reached XP level 4. HP: 35/35 MP: 4/4
  1716 | D:2      | Killed Robin
  1720 | D:2      | Slain by a goblin

Illustrated notes

Levels and vault maps discovered:
D:1:      ebering_hopf_link, layout_loops_cross
D:2:      layout_basic, hex_medium, uniq_robin, uniq_crazy_yiuf_cottage

Skill      XL: |  1  2  3 |
---------------+----------+-----
Polearms       | 5 6 |  6.4
Fighting       | 3 |  3.2
Throwing       | |  2.0
Dodging        | |  4.0

Action                   |  1- 3 |  4- 6 || total
-------------------------+-------+-------++-------
Melee: Trident           |   109 |    19 ||   128
  Use: Scroll            |     2 |       ||     2
 Stab: Sleeping          |     2 |       ||     2
Armor: Leather armour    |    19 |     8 ||    27
Dodge: Dodged            |    57 |    33 ||    90
